PBL
LONDON MAJORS @ TROIS-RIVERES AIGLES
06/12/2047
 
TOP OF THE 1ST
London Majors batting - Pitching for Trois-Riveres Aigles : RHP Vince Martinez
Pitching: RHP Vince Martinez
Batting: RHB Manny Elizondo 0-0: Foul Ball, location: 2F
0-1: Called Strike
0-2: Ball
1-2: Ball
2-2: Ground out 2-3 (Groundball, 15S, EV 68.1 MPH)
Batting: LHB Ron de Vos 0-0: Foul Ball, location: 2F
0-1: Ball
1-1: Ball
2-1: Foul Ball, location: 2F
2-2: Ball
3-2: Foul Ball, location: 2F
3-2: Strikes out swinging
Batting: RHB Mark Noftall 0-0: Foul Ball, location: 2F
0-1: Swinging Strike
0-2: Foul Ball, location: 2F
0-2: Ball
1-2: Ball
2-2: Ground out 6-3 (Groundball, 6M, EV 105.6 MPH)
Top of the 1st over - 0 runs, 0 hits, 0 errors, 0 left on base; London 0 - Trois-Riveres 0
BOTTOM OF THE 1ST
Trois-Riveres Aigles batting - Pitching for London Majors : LHP James Marker
Pitching: LHP James Marker
Batting: RHB Luis Jara 0-0: Foul Ball, location: 2F
0-1: Ball
1-1: Ball
2-1: Ball
3-1: Fly out, F3 (Popup, 23F, EV 93.8 MPH)
Batting: RHB Dave Valdez 0-0: Swinging Strike
0-1: Ball
1-1: Ground out U3 (Groundball, 3, EV 91.2 MPH)
Batting: RHB Kyler Seitz 0-0: Foul Ball, location: 2F
0-1: Ball
1-1: Ball
2-1: Called Strike
2-2: Ball
3-2: SINGLE (Line Drive, 5D, EV 95.0 MPH)
Batting: SHB Omar Cervantes 0-0: Ball
1-0: Ball
2-0: Fly out, F9 (Line Drive, 89S, EV 99.4 MPH)
Bottom of the 1st over - 0 runs, 1 hit, 0 errors, 1 left on base; London 0 - Trois-Riveres 0
TOP OF THE 2ND
London Majors batting - Pitching for Trois-Riveres Aigles : RHP Vince Martinez
Batting: RHB Akira Kubo 0-0: Swinging Strike
0-1: Swinging Strike
0-2: Ball
1-2: Hit by Pitch
Batting: RHB Bruce Ayotte 0-0: Ball
1-0: Foul Ball, location: 2F
1-1: Foul Ball, location: 2F
1-2: SINGLE (Groundball, 6D, EV 99.4 MPH)
Akira Kubo to second
Batting: RHB Carlos Murillo 0-0: Called Strike
0-1: Ball
1-1: Ball
2-1: DOUBLE (Line Drive, 89M, EV 104.4 MPH)
Akira Kubo scores
Bruce Ayotte to third
Batting: LHB Nate Greening 0-0: Ball
1-0: Ball
2-0: Ball
3-0: Called Strike
3-1: Base on Balls
Batting: RHB Hanley Hernandez 0-0: Ball
1-0: Ball
2-0: Ball
3-0: Base on Balls
Bruce Ayotte scores
Carlos Murillo to third
Nate Greening to second
Batting: RHB Jorge Alva 0-0: Called Strike
0-1: Ball
1-1: Fly out, F8 (Flyball, 8LD, EV 87.5 MPH)
Runner from 3rd tags up, OUT at HOME! 8-2
Nate Greening to third
Hanley Hernandez to second
Batting: RHB Manny Elizondo 0-0: Ball
1-0: Foul Ball, location: 2F
1-1: Ground out 4-3 (Groundball, 4, EV 105.6 MPH)
Top of the 2nd over - 2 runs, 2 hits, 0 errors, 2 left on base; London 2 - Trois-Riveres 0
BOTTOM OF THE 2ND
Trois-Riveres Aigles batting - Pitching for London Majors : LHP James Marker
Batting: RHB Bogumil Filipowski 0-0: Ball
1-0: Ball
2-0: Foul Ball, location: 2F
2-1: Called Strike
2-2: Strikes out swinging
Batting: RHB Ben Saxton 0-0: Foul Ball, location: 2F
0-1: Ball
1-1: Swinging Strike
1-2: Ball
2-2: Ball
3-2: Strikes out swinging
Batting: RHB Tim Dower 0-0: Called Strike
0-1: Swinging Strike
0-2: Strikes out swinging, 2-3 out at first.
Bottom of the 2nd over - 0 runs, 0 hits, 0 errors, 0 left on base; London 2 - Trois-Riveres 0
TOP OF THE 3RD
London Majors batting - Pitching for Trois-Riveres Aigles : RHP Vince Martinez
Batting: LHB Ron de Vos 0-0: Called Strike
0-1: Ball
1-1: Ball
2-1: Swinging Strike
2-2: Strikes out looking
Batting: RHB Mark Noftall 0-0: Ball
1-0: Ball
2-0: Ball
3-0: Base on Balls
Batting: RHB Akira Kubo 0-0: DOUBLE (Line Drive, 9LS, EV 107.5 MPH)
Mark Noftall to third
Batting: RHB Bruce Ayotte 0-0: Ball
1-0: Ball
2-0: Swinging Strike
2-1: Ball
3-1: Foul Ball, location: 2F
3-2: Base on Balls
Batting: RHB Carlos Murillo 0-0: Ball
1-0: Foul Ball, location: 2F
1-1: Foul Ball, location: 2F
1-2: Ball
2-2: Ball
3-2: Foul Ball, location: 2F
3-2: Fly out, F8 (Flyball, 89D, EV 102.5 MPH)
Runner from 3rd tags up, SCORES, throw by CF
Akira Kubo to third
Batting: LHB Nate Greening 0-0: Ball
1-0: Ball
2-0: Swinging Strike
2-1: Ball
3-1: Foul Ball, location: 2F
3-2: Strikes out swinging
Top of the 3rd over - 1 run, 1 hit, 0 errors, 2 left on base; London 3 - Trois-Riveres 0
BOTTOM OF THE 3RD
Trois-Riveres Aigles batting - Pitching for London Majors : LHP James Marker
Batting: RHB Willie Acevedo 0-0: Ball
1-0: Foul Ball, location: 2F
1-1: Swinging Strike
1-2: Fly out, F4 (Line Drive, 4, EV 75.0 MPH)
Batting: RHB Sandoval Serzedelo 0-0: Called Strike
0-1: Fly out, F7 (Flyball, 78M, EV 90.6 MPH)
Batting: RHB Luis Jara 0-0: Ball
1-0: Ball
2-0: Ball
3-0: Base on Balls
Batting: RHB Dave Valdez 0-0: Ground out 4-3 (Groundball, 34, EV 109.4 MPH)
Bottom of the 3rd over - 0 runs, 0 hits, 0 errors, 1 left on base; London 3 - Trois-Riveres 0
TOP OF THE 4TH
London Majors batting - Pitching for Trois-Riveres Aigles : RHP Vince Martinez
Batting: RHB Hanley Hernandez 0-0: Called Strike
0-1: Ball
1-1: Ball
2-1: Ball
3-1: Base on Balls
Batting: RHB Jorge Alva 0-0: Ball
1-0: Ball
2-0: Foul Ball, location: 2F
2-1: Foul Ball, location: 2F
2-2: Grounds into double play, 5-4-3 (Groundball, 56, EV 100.6 MPH)
Batting: RHB Manny Elizondo 0-0: Called Strike
0-1: Ball
1-1: Hit by Pitch
Batting: LHB Ron de Vos 0-0: Foul Ball, location: 2F
0-1: Fielders Choice at 2nd, U6 (Groundball, 6M, EV 105.6 MPH)
Top of the 4th over - 0 runs, 0 hits, 0 errors, 1 left on base; London 3 - Trois-Riveres 0
BOTTOM OF THE 4TH
Trois-Riveres Aigles batting - Pitching for London Majors : LHP James Marker
Batting: RHB Kyler Seitz 0-0: Called Strike
0-1: Ball
1-1: Called Strike
1-2: Ball
2-2: Foul Ball, location: 2F
2-2: Ball
3-2: Foul Ball, location: 2F
3-2: Base on Balls
Batting: SHB Omar Cervantes 0-0: Foul Ball, location: 2F
0-1: Ball
1-1: Ball
2-1: Ball
3-1: Foul Ball, location: 2F
3-2: Fly out, F8 (Flyball, 8RM, EV 93.8 MPH)
Batting: RHB Bogumil Filipowski 0-0: Foul Ball, location: 2F
0-1: Swinging Strike
0-2: Strikes out swinging
Batting: RHB Ben Saxton 0-0: Called Strike
0-1: Ball
1-1: Ball
2-1: Foul Ball, location: 2F
2-2: Ball
3-2: Foul Ball, location: 2F
3-2: Foul Ball, location: 2F
3-2: Base on Balls
Kyler Seitz to second
Batting: RHB Tim Dower 0-0: Foul Ball, location: 2F
0-1: Swinging Strike
0-2: Strikes out swinging
Bottom of the 4th over - 0 runs, 0 hits, 0 errors, 2 left on base; London 3 - Trois-Riveres 0
TOP OF THE 5TH
London Majors batting - Pitching for Trois-Riveres Aigles : RHP Vince Martinez
Batting: RHB Mark Noftall 0-0: Ball
1-0: Ball
2-0: SINGLE (Line Drive, 89S, EV 104.4 MPH)
Batting: RHB Akira Kubo 0-0: Swinging Strike
0-1: Ball
1-1: Fly out, F8 (Flyball, 8RM, EV 83.8 MPH)
Batting: RHB Bruce Ayotte 0-0: Ball
1-0: Called Strike
1-1: Swinging Strike
1-2: Ball
2-2: Grounds into double play, 4-6-3 (Groundball, 34, EV 85.0 MPH)
Top of the 5th over - 0 runs, 1 hit, 0 errors, 0 left on base; London 3 - Trois-Riveres 0
BOTTOM OF THE 5TH
Trois-Riveres Aigles batting - Pitching for London Majors : LHP James Marker
Batting: RHB Willie Acevedo 0-0: Called Strike
0-1: Ball
1-1: Foul Ball, location: 2F
1-2: Foul Ball, location: 2F
1-2: Foul Ball, location: 2F
1-2: Ball
2-2: Strikes out swinging
Batting: RHB Sandoval Serzedelo 0-0: Called Strike
0-1: Fly out, F9 (Flyball, 9, EV 92.5 MPH)
Batting: RHB Luis Jara 0-0: Ball
1-0: Swinging Strike
1-1: Ball
2-1: Foul Ball, location: 2F
2-2: Strikes out swinging
Bottom of the 5th over - 0 runs, 0 hits, 0 errors, 0 left on base; London 3 - Trois-Riveres 0
TOP OF THE 6TH
London Majors batting - Pitching for Trois-Riveres Aigles : RHP Vince Martinez
Batting: RHB Carlos Murillo 0-0: Ball
1-0: Ball
2-0: Ball
3-0: Called Strike
3-1: Base on Balls
Batting: LHB Nate Greening 0-0: Ball
1-0: Foul Ball, location: 2F
1-1: Fly out, F3 (Line Drive, 34, EV 76.2 MPH)
Pitching: RHP Bobby Valenzuela
Batting: RHB Hanley Hernandez 0-0: Ball
1-0: Ball
Carlos Murillo steals 2nd base
2-0: Called Strike
2-1: Ball
3-1: Base on Balls
Batting: RHB Jorge Alva 0-0: Foul Ball, location: 2F
0-1: Ball
1-1: Foul Ball, location: 2F
1-2: Ball
2-2: Strikes out looking
Batting: RHB Manny Elizondo 0-0: Ball
1-0: Called Strike
1-1: Swinging Strike
1-2: Ball
2-2: Ball
3-2: Base on Balls
Carlos Murillo to third
Hanley Hernandez to second
Batting: LHB Ron de Vos 0-0: Ball
1-0: Ground out 3-1 (Groundball, 34S, EV 87.5 MPH)
Top of the 6th over - 0 runs, 0 hits, 0 errors, 3 left on base; London 3 - Trois-Riveres 0
BOTTOM OF THE 6TH
Trois-Riveres Aigles batting - Pitching for London Majors : LHP James Marker
Batting: RHB Dave Valdez 0-0: Ball
1-0: Called Strike
1-1: Foul Ball, location: 2F
1-2: Strikes out swinging
Batting: RHB Kyler Seitz 0-0: Ball
1-0: Called Strike
1-1: Ball
2-1: Reached on error, E5 (Groundball, 15, EV 88.8 MPH)
Batting: SHB Omar Cervantes 0-0: Ball
1-0: Ball
2-0: Ball
3-0: Base on Balls
Pitching: LHP William Capuano
Batting: RHB Bogumil Filipowski 0-0: Ball
1-0: Fly out, F7 (Flyball, 7, EV 91.2 MPH)
Pinch Hitting: RHB Gilbert Hoareau 0-0: Fly out, F7 (Line Drive, 7LS, EV 95.6 MPH)
Bottom of the 6th over - 0 runs, 0 hits, 1 error, 2 left on base; London 3 - Trois-Riveres 0
TOP OF THE 7TH
London Majors batting - Pitching for Trois-Riveres Aigles : RHP Bobby Valenzuela
Now at 1B: Willie Acevedo
Now at 3B: Bogumil Filipowski
Now at SS: Luis Jara
Now in LF: Sandoval Serzedelo
Now in RF: Gilbert Hoareau
Batting: RHB Mark Noftall 0-0: Ball
1-0: Ball
2-0: Called Strike
2-1: Called Strike
2-2: Foul Ball, location: 2F
2-2: Foul Ball, location: 2F
2-2: DOUBLE (Groundball, 5L, EV 110.0 MPH)
Batting: RHB Akira Kubo 0-0: Ball
1-0: Ground out 4-3 (Groundball, 4MS, EV 88.8 MPH)
Mark Noftall to third
Batting: RHB Bruce Ayotte 0-0: Called Strike
0-1: Foul Ball, location: 2F
0-2: Ball
1-2: SINGLE (Groundball, 6M, EV 91.2 MPH) (infield hit)
Mark Noftall scores
Batting: RHB Carlos Murillo 0-0: Ball
1-0: SINGLE (Groundball, 4MD, EV 101.9 MPH)
Bruce Ayotte to second
Throwing error, E8
Bruce Ayotte scores
Carlos Murillo to second
Pitching: RHP Matt Wicker
Batting: LHB Nate Greening 0-0: Ball
1-0: Ball
2-0: Ball
3-0: Called Strike
3-1: Called Strike
3-2: Ground out 6-3 (Groundball, 6, EV 87.5 MPH)
Batting: RHB Hanley Hernandez 0-0: Ball
1-0: Ball
2-0: Called Strike
2-1: Foul Ball, location: 2F
2-2: DOUBLE (Line Drive, 89D, EV 108.1 MPH)
Carlos Murillo scores
Batting: RHB Jorge Alva 0-0: Fly out, F5 (Line Drive, 5, EV 72.5 MPH)
Top of the 7th over - 3 runs, 4 hits, 1 error, 1 left on base; London 6 - Trois-Riveres 0
BOTTOM OF THE 7TH
Trois-Riveres Aigles batting - Pitching for London Majors : LHP William Capuano
Batting: RHB Tim Dower 0-0: Ball
1-0: Ball
2-0: Swinging Strike
2-1: Ball
3-1: Ground out 6-3 (Groundball, 6, EV 85.0 MPH)
Batting: RHB Willie Acevedo 0-0: Foul Ball, location: 2F
0-1: Foul Ball, location: 2F
0-2: Ball
1-2: Foul Ball, location: 2F
1-2: Strikes out swinging
Batting: RHB Sandoval Serzedelo 0-0: Ball
1-0: Ball
2-0: Called Strike
2-1: Called Strike
2-2: Ball
3-2: Strikes out swinging
Bottom of the 7th over - 0 runs, 0 hits, 0 errors, 0 left on base; London 6 - Trois-Riveres 0
TOP OF THE 8TH
London Majors batting - Pitching for Trois-Riveres Aigles : RHP Matt Wicker
Batting: RHB Manny Elizondo 0-0: Called Strike
0-1: Foul Ball, location: 2F
0-2: Ball
1-2: Ball
2-2: Ball
3-2: Foul Ball, location: 2F
3-2: SINGLE (Line Drive, 34D, EV 95.0 MPH)
Batting: LHB Ron de Vos 0-0: Ball
1-0: Called Strike
1-1: Swinging Strike
1-2: Foul Ball, location: 2F
1-2: Ball
2-2: Fly out, F9 (Flyball, 89M, EV 91.2 MPH)
Batting: RHB Mark Noftall 0-0: Grounds into double play, 6-4-3 (Groundball, 6M, EV 103.8 MPH)
Top of the 8th over - 0 runs, 1 hit, 0 errors, 0 left on base; London 6 - Trois-Riveres 0
BOTTOM OF THE 8TH
Trois-Riveres Aigles batting - Pitching for London Majors : LHP William Capuano
Batting: RHB Luis Jara 0-0: Called Strike
0-1: Ball
1-1: Foul Ball, location: 2F
1-2: Ball
2-2: Foul Ball, location: 2F
2-2: Strikes out swinging
Batting: RHB Dave Valdez 0-0: Swinging Strike
0-1: Ball
1-1: Foul Ball, location: 2F
1-2: Foul Ball, location: 2F
1-2: Fly out, F8 (Flyball, 8RD, EV 89.4 MPH)
Batting: RHB Kyler Seitz 0-0: Ball
1-0: Fly out, F9 (Flyball, 89XD, EV 102.5 MPH)
Bottom of the 8th over - 0 runs, 0 hits, 0 errors, 0 left on base; London 6 - Trois-Riveres 0
TOP OF THE 9TH
London Majors batting - Pitching for Trois-Riveres Aigles : RHP Matt Wicker
Pitching: LHP Matt Bayer
Batting: RHB Akira Kubo 0-0: Foul Ball, location: 2F
0-1: Ball
1-1: Ball
2-1: Ball
3-1: Foul Ball, location: 2F
3-2: Base on Balls
Batting: RHB Bruce Ayotte 0-0: Ball
1-0: Grounds into double play, 4-6-3 (Groundball, 4, EV 99.4 MPH)
Batting: RHB Carlos Murillo 0-0: Called Strike
0-1: Called Strike
0-2: Strikes out looking
Top of the 9th over - 0 runs, 0 hits, 0 errors, 0 left on base; London 6 - Trois-Riveres 0
BOTTOM OF THE 9TH
Trois-Riveres Aigles batting - Pitching for London Majors : LHP William Capuano
Batting: SHB Omar Cervantes 0-0: Ball
1-0: Foul Ball, location: 2F
1-1: Foul Ball, location: 2F
1-2: Ground out U3 (Groundball, 34, EV 89.4 MPH)
Pinch Hitting: RHB Jon Gonzales 0-0: Ball
1-0: Called Strike
1-1: Called Strike
1-2: Strikes out swinging, 2-3 out at first.
Pinch Hitting: RHB Joe Hartigan 0-0: Foul Ball, location: 2F
0-1: Ball
1-1: Ball
2-1: Called Strike
2-2: Ball
3-2: Base on Balls
Batting: RHB Tim Dower 0-0: Ball
1-0: Foul Ball, location: 2F
1-1: Ball
2-1: Ball
3-1: Base on Balls
Joe Hartigan to second
Pinch Hitting: RHB Matt Fritz 0-0: Called Strike
0-1: DOUBLE (Line Drive, 89M, EV 100.6 MPH)
Joe Hartigan scores
Tim Dower to third
Pitching: RHP Jordan Wyatt
Pinch Hitting: LHB Ian Cranton 0-0: Called Strike
0-1: Foul Ball, location: 2F
0-2: Ball
1-2: Ball
2-2: Ball
3-2: Foul Ball, location: 2F
3-2: Foul Ball, location: 2F
3-2: Foul Ball, location: 2F
3-2: Foul Ball, location: 2F
3-2: Ground out 4-3 (Groundball, 4, EV 106.2 MPH)
Bottom of the 9th over - 1 run, 1 hit, 0 errors, 2 left on base; London 6 - Trois-Riveres 1
Thursday, December 15th , 2022 - OOTP Baseball 23.9 Build 102